 Dungeon Crawl Stone Soup version 0.26-a0-854-gdc81c2f471 (webtiles) character file.

Game seed: 14694286680481969849

44 iamoutofideas the Stinger (level 3, -11/21 HPs)
             Began as an Octopode Venom Mage on Nov 23, 2020.
             Mangled by an iguana (12 damage)
             ... on level 1 of the Dungeon.
             The game lasted 00:02:46 (2318 turns).

iamoutofideas the Stinger (Octopode Venom Mage)     Turns: 2318, Time: 00:02:47

Health: -11/21     AC:  1    Str:  7    XL:     3   Next: 60%
Magic:  7/7        EV: 13    Int: 18    God:
Gold:   88         SH:  0    Dex: 12    Spells: 1/7 levels left

rFire    . . .     SeeInvis .   e - +0 dagger (pain)
rCold    . . .     Faith    .   (no shield)
rNeg     . . .     Spirit   .   (helmet restricted)
rPois    .         Reflect  .   (no amulet)
rElec    .         Harm     .   (no ring)
rCorr    .         Rampage  .   (no ring)
MR       .....                  (no ring)
Stlth    +++.......             (no ring)
HPRegen  0.07/turn              (no ring)
MPRegen  0.10/turn              (no ring)
                                (no ring)
                                (no ring)

@: no status effects
A: almost no armour, stealthy swim, amphibious, 8 rings, constrict 8, camouflage
1, gelatinous body 1
a: no special abilities


You were on level 1 of the Dungeon.
You visited 1 branch of the dungeon, and saw 2 of its levels.

You collected 88 gold pieces.

Inventory:

Hand Weapons
 e - a +0 dagger of pain (weapon)
Scrolls
 c - a scroll of enchant weapon {unknown}
 f - a scroll of fog {unknown}
 h - 2 scrolls of random uselessness {unknown}
Potions
 a - a potion of might


   Skills:
 - Level 2.0 Dodging
 - Level 3.1 Stealth
 + Level 2.7 Spellcasting
 - Level 1.0 Transmutations
 + Level 4.5 Poison Magic


You had one spell level left.
You knew the following spells:

 Your Spells              Type           Power        Failure   Level
a - Sting                 Tmut/Pois      ##..         5%          1
b - Poisonous Vapours     Pois/Air       ##....       10%         2
c - Ignite Poison         Fire/Tmut/Pois #.......     24%         3

Your spell library contained the following spells:

 Spells                   Type           Power        Failure   Level
 Mephitic Cloud           Conj/Pois/Air  #.......     26%         3
 Olgreb's Toxic Radiance  Pois           ###.....     26%         4


Dungeon Overview and Level Annotations

Branches:
Dungeon (2/15)

Altars:
Gozag

Annotations:
D:2 Sigmund


Innate Abilities, Weirdness & Mutations

You cannot wear most types of armour.
You are very stealthy in the water. (Stealth+)
You are amphibious.
You can wear up to eight rings at the same time.
You can use your tentacles to constrict eight enemies at once.
Your skin changes colour to match your surroundings (Stealth+).
Your rubbery body absorbs attacks. (AC +1, EV +1)


Message History

* * * LOW HITPOINT WARNING * * *
You climb upwards.
Reactivating autopickup.
There is a stone staircase leading down here.
Unknown command.
Okay, then.
Unknown command.
Casting: Poisonous Vapours (safe; 10% risk of failure)
Confirm with . or Enter, or press ? or * to list all spells.
You don't know that spell.
Okay, then.
Casting: Poisonous Vapours (safe; 10% risk of failure)
Confirm with . or Enter, or press ? or * to list all spells.
Okay, then.
Casting: Poisonous Vapours (safe; 10% risk of failure)
Confirm with . or Enter, or press ? or * to list all spells.
Okay, then.
The iguana bites you!
Ouch! That really hurt!
You die...

...# #...# ##.#
#...## #.# ###...#
#.# #.....# #.#
#.##..## #.#
#####.##...#
##'###...#.###..##
.....'...'.# #...#
....##...### ##.@#
....##...# #l>#
....##...# ####
....##...#######
....#.....[....#
....#..........#
....#..........#
....#..........#
....#..........#


You could see an iguana.

Vanquished Creatures
  An ooze (D:2)
  4 dart slugs
  A leopard gecko (D:2)
  3 bats
  2 giant cockroaches (D:1)
  2 goblins (D:1)
  5 hobgoblins
  2 jackals (D:1)
  3 frilled lizards (D:1)
  3 kobolds (D:1)
  3 rats (D:1)
29 creatures vanquished.

Vanquished Creatures (others)
  4 fungi (D:2)
  A plant (D:2)
5 creatures vanquished.

Grand Total: 34 creatures vanquished

Notes
Turn   | Place    | Note
-------+----------+-------------------------------------------
     0 | D:1      | iamoutofideas the Octopode Venom Mage began the quest for
                  | the Orb.
     0 | D:1      | Reached XP level 1. HP: 11/11 MP: 3/3
   409 | D:1      | Reached XP level 2. HP: 14/17 MP: 3/5
   566 | D:1      | Reached skill level 4 in Poison Magic
  1146 | D:1      | Reached XP level 3. HP: 21/21 MP: 1/6
  1977 | D:2      | Learned a level 2 spell: Poisonous Vapours
  1981 | D:2      | Learned a level 3 spell: Ignite Poison
  2246 | D:2      | Found an opulent altar of Gozag.
  2267 | D:2      | Noticed Sigmund
  2316 | D:2      | HP: 1/21 [iguana (7)]
  2318 | D:1      | Mangled by an iguana

Illustrated notes

Levels and vault maps discovered:
D:1:      elethiomel_arrival_infinity_welcomes_careful_drivers, layout_basic
D:2:      layout_loops_ring, lemuel_doored_altar,
          nicolae_gozag_cash_rules_everything_around_me,
          minmay_shallow_snake_nest, uniq_sigmund, uniq_crazy_yiuf_cottage

Skill      XL: |  1  2 |
---------------+-------+-----
Stealth        | 3 |  3.1
Poison Magic   | 4 |  4.5
Dodging        | |  2.0
Spellcasting   | |  2.7
Transmutations | |  1.0

Action                   || total
-------------------------++-------
Melee: Unarmed           ||    18
       Constrict         ||    12
       Tentacles         ||     9
       Dagger            ||    20
 Cast: Sting             ||    32
  Use: Scroll            ||     3
       Potion            ||     3
 Stab: Sleeping          ||     3
Armor: Skin              ||     7
Dodge: Dodged            ||    35

Table legend: (Time is in decaauts)
 A = Elapsed time spent in this place.
 B = Non-inter-level travel time spent in this place.
 C = Inter-level travel time spent in this place.
 D = Time resting spent in this place.
 E = Time spent auto-exploring this place.
 F = Levels seen in this place.
 G = Mean time per level.
                   A        B        C        D        E       F      G
               +--------+--------+--------+--------+--------+-----+--------+
         Total |   2316 |   2266 |     50 |    932 |   1051 |   2 | 1158.0 |
       Dungeon |   2316 |   2266 |     50 |    932 |   1051 |   2 | 1158.0 |
               +--------+--------+--------+--------+--------+-----+--------+

Top non-repeatable levels by time:
     D:1: 1588 daAuts
     D:2: 728 daAuts
